Map: Bridgehead LE (Void)

Players

Henno - Winner!

  • Race: Zerg Zerg
  • League: Platinum

IIIIIIlIIIII

  • Race: Zerg Zerg
  • League: Platinum

VOD

Have the link to the VOD?

Description

Time

  • Played on: Sept. 4, 2015, 11:52 a.m.
  • Length: 11:06
Show
View Real Time Build Order
Export as new Build Order

Henno Zerg - Winner!

Build Orders: Hatch First 

Get SALT Encoding   

  12  0:02  Drone  
  13  0:12  Overlord  
  13  0:17  Drone  
  14  0:30  Drone x2  
  16  0:36  Drone  
  17  0:54  Hatchery  
  17  0:57  Drone  
  17  0:59  Extractor  
  17  1:01  Drone  
  17  1:18  Spawning Pool  
  17  1:20  Drone  
  17  1:22  Drone  
  18  1:29  Drone  
  19  1:40  Overlord  
  19  2:05  Queen  
  19  2:06  Queen  
  19  2:07  Zergling x2  
  24  2:10  Metabolic Boost  
  24  2:11  Drone  
  24  2:12  Drone  
  26  2:21  Drone x2  
  28  2:33  Drone  
  28  2:34  Drone  
  28  2:35  Drone  
  31  2:39  Drone  
  32  2:46  Drone, Extractor  
  32  2:51  Overlord  
  32  2:57  Baneling Nest  
  32  2:58  Drone  
  32  3:00  Drone  
  32  3:04  Evolution Chamber  
  32  3:05  Drone  
  32  3:06  Evolution Chamber  
  32  3:20  Overlord  
  32  3:21  Drone x5  
  37  3:28  Drone  
  37  3:32  Drone x2  
  40  3:43  Zerg Melee Weapons Level 1  
  40  3:45  Drone  
  40  3:47  Zergling x8  
  45  3:54  Overlord  
  45  3:59  Zerg Ground Armor Level 1  
  45  4:03  Zergling x2  
  45  4:04  Drone x2  
  48  4:14  Zergling x2  
  48  4:15  Zergling x2  
  50  4:18  Zergling x6  
  50  4:23  Zergling x6  
  56  4:25  Baneling x3  
  56  4:27  Zergling x2  
  56  4:30  Zergling x2  
  58  4:31  Baneling  
  58  4:32  Spine Crawler, Baneling  
  57  4:40  Zergling x4  
  55  4:48  Zergling x8  
  55  4:52  Zergling x8  
  48  5:01  Zergling x2  
  48  5:04  Zergling x2  
  50  5:14  Zergling x4  
  52  5:24  Zergling x6  
  52  5:27  Zergling x4  
  50  5:32  Baneling x2  
  50  5:33  Baneling  
  47  5:38  Zergling x6  
  47  5:39  Baneling  
  47  5:40  Baneling  
  47  5:41  Zergling x4, Baneling  
  51  5:50  Zergling x4  
  51  5:52  Baneling  
  51  5:53  Baneling x2  
  51  5:57  Zergling x6  
  46  6:00  Zergling x6  
  46  6:03  Zergling x2  
  40  6:19  Baneling x3  
  40  6:20  Zergling x10  
  40  6:22  Zergling x2  
  40  6:23  Zergling x4  
  40  6:25  Zergling x2  
  45  6:42  Zergling x6  
  45  6:46  Zergling x2  
  46  6:50  Zergling x6  
  47  7:01  Zergling x4  
  47  7:07  Burrow  
  47  7:08  Zergling x4  
  45  7:17  Baneling  
  45  7:18  Baneling x3  
  44  7:23  Zergling x4  
  44  7:24  Zergling x4  
  44  7:28  Zergling x4  
  47  7:40  Zergling x4  
  48  7:49  Zergling x8  
  48  7:58  Zergling x2  
  46  8:00  Zergling x2  
  42  8:08  Zergling x2  
  42  8:11  Zergling x2  
  43  8:14  Zergling x6  
  43  8:17  Queen  
  42  8:22  Zergling x4  
  40  8:28  Baneling x6  
  40  8:31  Zergling x2  
  40  8:33  Zergling x2  
  41  8:48  Zergling x8  
  44  8:51  Zergling x2  
  43  8:58  Zergling x2  
  43  9:01  Zergling x2  
  42  9:06  Zergling x2  
  43  9:11  Zergling x2  
  43  9:12  Zergling x4  
  43  9:15  Zergling x4  
  44  9:26  Zergling x8  
  44  9:30  Baneling x2  
  44  9:31  Zergling x2  
  45  9:37  Zergling x2  
  45  9:38  Zergling x2  
  45  9:39  Zergling x4  
  45  9:40  Zergling x2  
  48  9:50  Zergling x4  
  48  9:51  Baneling x2  
  41  10:25  Zergling x12  
  41  10:26  Zergling x2  
  44  10:34  Zergling x4  
  44  10:35  Zergling x4  
  47  10:40  Zergling x8  
  51  10:46  Zergling x2  
Show
View Real Time Build Order
Export as new Build Order

IIIIIIlIIIII Zerg 

Build Orders: Hatch First 

Get SALT Encoding   

  12  0:01  Drone  
  13  0:09  Drone  
  14  0:18  Overlord  
  14  0:22  Extractor  
  14  0:24  Drone  
  15  0:37  Drone x2  
  17  0:45  Drone  
  18  1:01  Drone  
  18  1:02  Hatchery  
  18  1:13  Drone  
  19  1:19  Drone  
  19  1:21  Extractor  
  19  1:28  Spawning Pool  
  19  1:30  Drone  
  19  1:39  Overlord  
  19  1:50  Drone  
  20  2:10  Drone  
  20  2:11  Hatchery  
  20  2:12  Drone  
  21  2:28  Metabolic Boost  
  22  2:30  Drone x3  
  22  2:31  Queen  
  26  2:47  Drone x3  
  26  2:48  Drone  
  30  2:55  Queen  
  32  3:06  Baneling Nest, Zergling x4  
  33  3:19  Overlord x2, Drone  
  35  3:20  Drone  
  35  3:26  Queen  
  35  3:28  Drone  
  35  3:32  Zergling x2  
  39  3:38  Zergling x2  
  39  3:39  Zergling x6  
  42  3:45  Zergling x4  
  42  3:46  Zergling x2  
  45  3:55  Drone  
  45  3:56  Drone x2  
  45  3:59  Overlord  
  48  4:05  Drone x2  
  48  4:06  Overlord  
  50  4:11  Overlord  
  50  4:18  Baneling x2  
  50  4:19  Baneling  
  48  4:48  Zergling x4  
  48  4:50  Zergling x8  
  48  4:51  Zergling x12  
  48  4:52  Zergling x2  
  55  4:57  Zergling x2  
  55  4:58  Zergling x4  
  56  5:02  Spine Crawler  
  56  5:05  Zergling x8  
  56  5:06  Zergling x4  
  61  5:10  Baneling x2  
  61  5:11  Baneling x2  
  61  5:14  Zergling x6  
  61  5:15  Zergling x4  
  66  5:22  Zergling x6  
  66  5:23  Zergling x2  
  61  5:40  Baneling x3  
  61  5:41  Baneling x6  
  61  5:42  Baneling  
  60  5:45  Zergling x2  
  60  5:46  Zergling x14  
  60  5:47  Zergling x2  
  68  5:59  Zergling x4  
  68  6:00  Zergling x8  
  67  6:17  Drone x3  
  67  6:18  Drone x4  
  63  6:23  Roach Warren  
  58  6:52  Zergling x8  
  58  6:53  Zergling x14  
  58  6:54  Zergling x12  
  71  6:55  Queen  
  66  7:06  Zergling x8  
  61  7:22  Baneling x6  
  61  7:23  Baneling  
  61  7:25  Drone x5  
  61  7:26  Drone x2, Queen  
  70  7:30  Queen  
  70  7:32  Extractor  
  70  7:34  Extractor  
  59  7:51  Zergling x14  
  57  7:52  Zergling x4  
  57  7:56  Zergling x2  
  57  7:57  Zergling x2  
  62  8:01  Zergling x2  
  62  8:03  Zergling x8  
  55  8:07  Zergling x2  
  49  8:24  Zergling x8  
  49  8:25  Zergling x4  
  53  8:33  Baneling x2  
  39  8:58  Zergling x4  
  39  8:59  Zergling x12  
  41  9:03  Zergling x12  
  43  9:13  Zergling x4  
  43  9:23  Zergling x4  
  43  9:24  Zergling x4  
  42  9:27  Zergling x4  
  43  9:42  Spine Crawler  
  42  9:50  Zergling x4  
  42  9:51  Zergling x8  
  39  10:00  Queen  
  39  10:04  Zergling x2  
  39  10:05  Zergling x8  
  40  10:19  Zergling x6  
  29  10:26  Roach  
  29  10:27  Roach  
  28  10:30  Roach  
  27  10:36  Roach x2  
  27  10:41  Roach x2  
Tags
 
Add a new tag
Caveats
  • Supply blocks, unpowered buildings, or Contaminate may cause inaccurate times.
  • Supply counts are checked every 10 seconds.